 Dungeon Crawl Stone Soup version 0.31.0-12-g77e489cdc1 (webtiles) character file.

Game seed: 9293342131572027878

1547 LogicAnomaly the Trooper (level 8, 0/55 HPs)
             Began as an Octopode Fighter on Feb 15, 2024.
             Was a Believer of Uskayaw.
             Engulfed by a steam dragon's steam (7 damage)
             ... on level 6 of the Dungeon.
             The game lasted 00:11:17 (6203 turns).

LogicAnomaly the Trooper (Octopode Fighter)         Turns: 6203, Time: 00:11:17

Health: 0/55       AC:  1    Str: 22    XL:     8   Next: 87%
Magic:  11/11      EV: 14    Int: 10    God:    Uskayaw [**....]
Gold:   113        SH:  5    Dex: 13    Spells: 7/7 levels left

rFire   . . .        d - +4 dagger (speed)
rCold   . . .        b - +0 buckler
rNeg    + . .        (helmet restricted)
rPois   .            j - amulet of faith {!P}
rElec   .            N - ring of positive energy
rCorr   .            S - +6 ring of strength
SInv    .            (no ring)
Will    .....        (no ring)
Stlth   ++++         (no ring)
HPRegen 0.29/turn    (no ring)
MPRegen 0.12/turn    (no ring)
                     (no ring)

%: faith
@: no status effects
A: almost no armour, amphibious, 8 rings, camouflage 1, gelatinous body 1,
(nimble swimmer 1), tentacles
a: Renounce Religion, Stomp, Line Pass


You were on level 6 of the Dungeon.
You worshipped Uskayaw.
Uskayaw was noncommittal.
You visited 1 branch of the dungeon, and saw 7 of its levels.

You collected 209 gold pieces.
You spent 96 gold pieces at shops.


Innate Abilities, Weirdness & Mutations

You cannot wear most types of armour.
You are amphibious.
You can wear up to eight rings at the same time.
Your skin changes colour to match your surroundings (Stealth+).
Your rubbery body absorbs attacks. (AC +1, EV +1)
((You are camouflaged when in or above water. (Stealth+)))
You have tentacles for arms and can constrict up to eight enemies at once.


   Skills:
 + Level 5.0 Fighting
 + Level 5.0 Short Blades
 + Level 5.0 Dodging
 + Level 5.0 Stealth
 - Level 5.0 Shields
 + Level 5.0 Invocations
 - Level 3.0 Evocations


You had 7 spell levels left.
You didn't know any spells.
Your spell library contained the following spells:

 Spells                   Type           Power      Damage    Failure   Level
 Apportation              Tloc           0%         N/A       41%         1
 Magic Dart               Conj           0%         1d3       41%         1
 Blink                    Tloc           0%         N/A       56%         2
 Call Imp                 Summ           0%         N/A       56%         2
 Cigotuvi's Dreadful Rot  Necr/Alch/Air  0%         N/A       56%         2
 Jinxbite                 Hex            0%         N/A       56%         2
 Ozocubu's Armour         Ice            0%         N/A       80%         3
 Ignite Poison            Fire/Alch      0%         N/A       99%         4
 Alistair's Intoxication  Alch           0%         N/A       100%        5
 Freezing Cloud           Conj/Ice/Air   0%         6-21      100%        5
 Metabolic Englaciation   Hex/Ice        0%         N/A       100%        5
 Sculpt Simulacrum        Ice/Alch       0%         N/A       100%        6

Inventory:

Hand Weapons
 a - a +0 rapier
 d - a +4 dagger of speed (weapon)
Missiles
 i - 3 throwing nets (quivered) {=f}
Armour
 b - a +0 buckler (worn)
Jewellery
 j - an amulet of faith (around mantle) {!P}
 N - a ring of positive energy (left tentacle)
 S - a +6 ring of strength (right tentacle)
Talismans
 f - a serpent talisman
Wands
 h - a wand of quicksilver (10)
Scrolls
 e - a scroll of blinking
 k - 4 scrolls of enchant weapon
 m - 2 scrolls of amnesia
 o - a scroll of vulnerability
 s - a scroll of teleportation {@r2}
 t - a scroll of identify {@r1}
 w - a scroll of poison {unknown}
Potions
 c - 5 potions of might
 g - 2 potions of mutation
 n - a potion of degeneration
 p - 2 potions of resistance
 q - 2 potions of heal wounds {@q2}
 r - a potion of curing {@q1}
 u - a potion of cancellation {unknown}
 v - a potion of magic {unknown}

Dungeon Overview and Level Annotations

Branches:
Dungeon (7/15)             Temple (0/1) D:4

Altars:
Cheibriados
Fedhas
Hepliaklqana
Uskayaw
Xom
Zin

Shops:
D:4 ![:(*   D:5 =

Annotations:
D:3 2 transporters

..####.# #.# #.####
#.........#.# ..#
#.###.###.# #######.#.#.#
..# #.........# ##...##
..# #####.##### ##.## ..#
#.# ######### #.# ..#
####.#### #.......# #.#
..#####.......# #.......#
#.##
............#.###D...⚑..#
#..#
................@...⚑8⚑.#
##.#
.........#....###f......#
#.# ..#####.##..#.#
#.......# #.# ..#
#.......# #.......# #.#
..# ####.#### #########
#.# ..# #.# #.# ..#
####)###
###############.# ..#
#......#
#...............# ..#
#.##.#.#
#.###############


You could see a steam dragon (catching breath) and a sleepcap.


Message History

You barely miss the steam dragon.
You tentacle-slap the steam dragon, but do no damage.
The steam dragon is moderately wounded.
The steam dragon bites you!
* * * LOW HITPOINT WARNING * * *
You block the steam dragon's attack. The sleepcap completely misses you.
Unknown command.
You hit the steam dragon but do no damage.
The steam dragon is moderately wounded.
Unknown command.
You puncture the steam dragon!
The steam dragon is heavily wounded.
The steam dragon misses you. The steam dragon closely misses you.
The sleepcap barely misses you.
You can now pass through a line of other dancers.
Unknown command.
You completely miss the steam dragon.
The steam dragon is heavily wounded.
Unknown command.
You hit the steam dragon.
The steam dragon is heavily wounded.
The steam dragon breathes steam at you. The ball of steam hits you.
* * * LOW HITPOINT WARNING * * *
The sleepcap releases spores at you.
* * * LOW HITPOINT WARNING * * *
You hit the steam dragon.
The steam dragon is severely wounded.
You are engulfed in a cloud of scalding steam.
You die...

Skill      XL: |  1  2  3  4  5  6  7  8 |
---------------+-------------------------+-----
Fighting       | 4 5 |  5.0
Shields        | 4 5 |  5.0
Short Blades   | 3 4 5 |  5.0
Stealth        | 1 3 4 5 |  5.0
Invocations    | 2 4 5 |  5.0
Dodging        | 4 5 |  5.0
Evocations     | 3 |  3.0

Action                     |  1- 3 |  4- 6 |  7- 9 || total
---------------------------+-------+-------+-------++-------
  Melee: Rapier            |    12 |       |       ||    12
         Constrict         |    13 |    24 |    26 ||    63
         Tentacles         |     6 |    24 |    32 ||    62
         Punch             |     1 |       |     2 ||     3
         Dagger            |    32 |   113 |   146 ||   291
    Use: Scroll            |       |     6 |     2 ||     8
         Potion            |       |     1 |     1 ||     2
   Stab: Sleeping          |       |    11 |     3 ||    14
         Paralysed         |       |     1 |     7 ||     8
 Armour: Skin              |    14 |    31 |    49 ||    94
  Dodge: Dodged            |    18 |    35 |    59 ||   112
  Block: Buckler           |     9 |    17 |    22 ||    48

Levels and vault maps discovered:
D:1:      nagdon_arrival_double_spiral, layout_basic
D:2:      layout_basic, basic_altar, uniq_robin, uniq_jessica, uniq_natasha
D:3:      gammafunk_steamed_eel, layout_basic, basic_ecumenical_altar
D:4:      layout_basic, mainiacjoe_overflow_large_starburst,
          minmay_temple_entry_large_hall, serial_shops, shop,
          kennysheep_little_box, shop, shop, shop, serial_aquarium,
          aquarium_bridge_straight [aquarium_subvault_bridge,
          aquarium_subvault_window, aquarium_subvault_bridge,
          aquarium_subvault_wall], aquarium_window_corner,
          aquarium_window_corridor_3, aquarium_window_fake,
          aquarium_window_fake, aquarium_view_2d, aquarium_view_2c,
          aquarium_balcony_1b
D:5:      layout_loops_cross, mainiacjoe_overflow_cross_hatched, serial_shops,
          shop, nicolae_letterblocks [nicolae_letter_subblock,
          nicolae_letter_subblock, nicolae_letter_subblock,
          nicolae_letter_subblock, nicolae_letter_subblock,
          nicolae_letter_subblock, nicolae_letter_subblock,
          nicolae_letter_subblock, nicolae_letter_subblock,
          nicolae_letter_subblock, nicolae_letter_subblock,
          nicolae_letter_subblock, nicolae_letter_subblock,
          nicolae_letter_subblock, nicolae_letter_subblock,
          nicolae_letter_subblock, nicolae_letter_subblock,
          nicolae_letter_subblock, nicolae_letter_subblock,
          nicolae_letter_subblock, nicolae_letter_subblock,
          nicolae_letter_subblock, nicolae_letter_subblock,
          nicolae_letter_subblock, nicolae_letter_subblock]
D:6:      layout_loops_cross, chequers_temple_overflow_statue_of_worship,
          hangedman_abyss_or_decor_stagger
D:7:      kennysheep_slugbush, layout_rooms, serial_shops, shop,
          chequers_serial_rivers_large_b, minmay_crystal_room,
          uniq_prince_ribbit1

Notes
Turn   | Place    | Note
-------+----------+-------------------------------------------
     0 | D:1      | LogicAnomaly the Octopode Fighter began the quest for the
                  | Orb.
     0 | D:1      | Reached XP level 1. HP: 16/16 MP: 1/1
   120 | D:1      | Reached XP level 2. HP: 20/21 MP: 2/2
   488 | D:1      | Reached skill level 4 in Fighting
   638 | D:2      | Noticed Natasha
   642 | D:2      | Killed Natasha
   643 | D:2      | Reached XP level 3. HP: 27/27 MP: 3/3
   653 | D:2      | Noticed Robin
   763 | D:2      | Reached XP level 4. HP: 19/33 MP: 4/4
   766 | D:2      | Reached skill level 4 in Shields
   770 | D:2      | Killed Robin
  1088 | D:2      | Noticed Natasha
  1292 | D:2      | Noticed Jessica
  1299 | D:2      | Killed Jessica
  1300 | D:2      | Reached skill level 3 in Short Blades
  1300 | D:2      | Reached skill level 1 in Stealth
  1300 | D:2      | Reached XP level 5. HP: 29/37 MP: 5/5
  1411 | D:2      | Found a hide-covered altar of Uskayaw.
  1494 | D:2      | Became a worshipper of Uskayaw the Reveller
  1579 | D:2      | Reached * piety under Uskayaw
  1595 | D:2      | Reached ** piety under Uskayaw
  1596 | D:2      | Killed Natasha
  1597 | D:2      | Reached skill level 2 in Stealth
  2014 | D:3      | Reached skill level 1 in Invocations
  2120 | D:3      | Found a transporter.
  2123 | D:3      | Found a transporter.
  2268 | D:3      | Found a faded altar of an unknown god.
  2452 | D:3      | Identified a potion of resistance
  2579 | D:4      | Noticed a centaur
  2833 | D:4      | Found a staircase to the Ecumenical Temple.
  2970 | D:4      | Found Koneg's Armour Shoppe.
  2989 | D:4      | Found a glowing silver altar of Zin.
  2995 | D:4      | Found Giudd's Distillery.
  3020 | D:4      | Bought a potion of heal wounds for 60 gold pieces
  3020 | D:4      | Bought a potion of curing for 36 gold pieces
  3086 | D:4      | Killed a centaur
  3087 | D:4      | Reached skill level 4 in Dodging
  3087 | D:4      | Reached skill level 3 in Stealth
  3087 | D:4      | Reached skill level 2 in Invocations
  3087 | D:4      | Reached XP level 6. HP: 36/43 MP: 7/7
  3114 | D:4      | Found a blossoming altar of Fedhas.
  3238 | D:4      | Found Berghete's Antique Weapon Shop.
  3289 | D:4      | Reached skill level 4 in Stealth
  3322 | D:4      | Found Weddamun's Assorted Antiques.
  3474 | D:4      | Found Giolegoelaq's Book Boutique.
  3673 | D:5      | Entered Level 5 of the Dungeon
  3687 | D:5      | Noticed an ice beast
  3696 | D:5      | Reached *** piety under Uskayaw
  3697 | D:5      | Killed an ice beast
  3698 | D:5      | Reached skill level 4 in Invocations
  3698 | D:5      | Reached XP level 7. HP: 31/48 MP: 8/10
  3866 | D:5      | Found a hide-covered altar of Uskayaw.
  4044 | D:5      | Found Hit Daff's Jewellery Emporium.
  4122 | D:5      | Reached skill level 5 in Fighting
  4245 | D:5      | Reached **** piety under Uskayaw
  4257 | D:5      | Reached ***** piety under Uskayaw
  4260 | D:5      | Reached skill level 4 in Short Blades
  4565 | D:5      | Reached skill level 5 in Stealth
  4571 | D:5      | HP: 5/50 [burnt (5)]
  4579 | D:5      | HP: 5/50 [burnt (2)]
  5067 | D:6      | Reached XP level 8. HP: 55/55 MP: 11/11
  5217 | D:6      | Reached skill level 5 in Dodging
  5241 | D:6      | Reached skill level 5 in Shields
  5407 | D:6      | Found a snail-covered altar of Cheibriados.
  5408 | D:6      | Found a shimmering altar of Xom.
  5409 | D:6      | Found a hazy altar of Hepliaklqana.
  5470 | D:6      | Reached skill level 5 in Invocations
  5470 | D:6      | Reached skill level 1 in Evocations
  5687 | D:6      | Reached skill level 2 in Evocations
  5902 | D:7      | Noticed Prince Ribbit
  6170 | D:6      | Killed Prince Ribbit
  6171 | D:6      | Reached skill level 3 in Evocations
  6171 | D:6      | Reached skill level 5 in Short Blades
  6203 | D:6      | Engulfed by a steam dragon's steam

Vanquished Creatures
  Prince Ribbit (D:6)
  2 ice beasts (D:5)
  An ogre (D:6)
  A centaur (D:4)
  2 phantoms (D:6)
  A scorpion (D:5)
  3 bombardier beetles
  2 jellies
  A hound (D:6)
  Jessica (D:2)
  6 iguanas
  A sleepcap (D:4)
  Natasha (twice) (D:2)
  Robin (D:2)
  7 gnolls (D:5)
  10 adders
  4 shadow imps
  A white imp (D:6)
  8 ufetubi
  2 dart slugs
  A ribbon worm (D:3)
  2 orcs
  7 ball pythons
  8 endoplasms
  6 giant cockroaches
  12 goblins
  11 hobgoblins
  6 jackals
  2 quokkas
  2 frilled lizards (D:1)
  5 kobolds
  4 rats
123 creatures vanquished.

Table legend: (Time is in decaauts)
 A = Elapsed time spent in this place.
 B = Non-inter-level travel time spent in this place.
 C = Inter-level travel time spent in this place.
 D = Time resting spent in this place.
 E = Time spent auto-exploring this place.
 F = Levels seen in this place.
 G = Mean time per level.
                   A        B        C        D        E       F      G
               +--------+--------+--------+--------+--------+-----+--------+
         Total |   6085 |   5896 |    189 |   1087 |   4031 |   7 |  869.3 |
       Dungeon |   6085 |   5896 |    189 |   1087 |   4031 |   7 |  869.3 |
               +--------+--------+--------+--------+--------+-----+--------+

Top non-repeatable levels by time:
     D:5: 1301 daAuts
     D:2: 1151 daAuts
     D:6: 1143 daAuts
     D:3: 982 daAuts
     D:4: 852 daAuts
     D:1: 632 daAuts
     D:7: 21 daAuts

Table legend:
 A = Non-vault XP
 B = Vault XP
 C = Vault XP percentage of total XP
 D = Non-vault monster count
 E = Vault monster count
 F = Vault count percentage of total count
                 A         B        C        D         E       F
            +---------+---------+-------+---------+---------+-------
      Total |    1818 |     393 |  17.8 |     107 |      16 |  13.0
            +---------+---------+-------+---------+---------+-------
        D:1 |      30 |       0 |   0.0 |      16 |       0 |   0.0
        D:2 |      92 |     110 |  54.5 |      16 |      15 |  48.4
        D:3 |      65 |       0 |   0.0 |      15 |       0 |   0.0
        D:4 |     234 |       0 |   0.0 |      19 |       0 |   0.0
        D:5 |     650 |       0 |   0.0 |      18 |       0 |   0.0
        D:6 |     723 |     283 |  28.1 |      20 |       1 |   4.8
        D:7 |      24 |       0 |   0.0 |       3 |       0 |   0.0
            +---------+---------+-------+---------+---------+-------
